 Dungeon Crawl Stone Soup version 0.30.0-18-gf1372a6a44 (webtiles) character file.

Game seed: 16798701809471554050

104 qw the Chopper (level 4, -2/28 HPs)
             Began as a Gargoyle Fighter on May 21, 2023.
             Killed from afar by an orc wizard (10 damage)
             ... with a magic dart
             ... on level 3 of the Dungeon.
             The game lasted 00:00:55 (1724 turns).

qw the Chopper (Gargoyle Fighter)                   Turns: 1724, Time: 00:00:55

Health: -2/28      AC: 12    Str: 21    XL:     4   Next: 80%
Magic:  4/4        EV:  9    Int:  9    God:
Gold:   171        SH:  4    Dex:  9    Spells: 3/3 levels left

rFire   . . .        Y - +0 war axe
rCold   . . .        c - +0 buckler
rNeg    + . .        b - +0 scale mail
rPois   inf          e - +0 helmet
rElec   +            (no cloak)
rCorr   .            f - +0 pair of gloves
SInv    .            (no boots)
Will    .....        (no amulet) Stlth
                     (no ring)
HPRegen 0.24/turn    (no ring)
MPRegen 0.09/turn

%: no passive effects
@: no status effects
A: sickness immunity, AC +3, negative energy resistance 1, electricity
resistance, torment resistance 1, petrification resistance
a: no special abilities


You were on level 3 of the Dungeon.
You visited 1 branch of the dungeon, and saw 3 of its levels.

You collected 171 gold pieces.


Innate Abilities, Weirdness & Mutations

You are immune to sickness and miasma.
Your stone body is resilient. (AC +3)
You are immune to poison.
You resist negative energy. (rN+)
You are resistant to electric shocks. (rElec)
You are resistant to unholy torment.
You are immune to petrification.


   Skills:
 - Level 3.2 Fighting
 + Level 4.4 Axes
 - Level 3.2 Armour
 - Level 3.2 Shields


You had 3 spell levels left.
You didn't know any spells.
Your spell library was empty.

Inventory:

Hand Weapons
 k - a +0 mace
 Y - a +0 war axe (weapon)
Armour
 b - a +0 scale mail (worn)
 c - a +0 buckler (worn)
 e - a +0 helmet (worn)
 f - a +0 pair of gloves (worn)
Jewellery
 a - a +6 ring of strength
Scrolls
 g - 2 scrolls of identify
Potions
 d - 2 potions of might
 h - a potion of invisibility {unknown}
 i - a potion of lignification
 j - a potion of curing {unknown}
 l - a potion of haste

Dungeon Overview and Level Annotations

Branches:
Dungeon (3/15)

Altars:


Message History

You barely miss the orc. The orc barely misses you.
You hear some strange, mumbled words.
You are confused.
The orc closely misses you.
The orc throws a boomerang.
The boomerang hits you but does no damage.
The orc barely misses you. Something hits you but does no damage.
The orc barely misses you.
You hear some strange, mumbled words.
You are more confused.
The orc barely misses you. Something hits you but does no damage.
The orc hits you but does no damage. The orc barely misses you.
Something hits you but does no damage. The orc barely misses you.
The orc hits you but does no damage. Something hits you but does no damage.
The orc barely misses you. The orc barely misses you. Something hits you.
The orc hits you with a +0 short sword. The orc hits you but does no damage.
Something hits you but does no damage. The orc hits you but does no damage.
The orc closely misses you. Something hits you. The orc barely misses you.
The orc barely misses you. Something hits you but does no damage.
The orc hits you with a +0 short sword. The orc hits you with a +0 war axe.
Something hits you but does no damage. The orc hits you with a +0 short sword.
The orc barely misses you.
You hear some strange, mumbled words.
A magic dart appears from out of thin air!
The magic dart hits you. The orc hits you with a +0 short sword.
You feel less confused. The orc barely misses you.
You block something's attack. The orc hits you with a +0 short sword.
You slash the orc!
You kill the orc!
You hit the orc. You hit something. The orc hits you with a +0 war axe.
You hear some strange, mumbled words.
A magic dart appears from out of thin air!
The magic dart hits you!
You die...

#..##.# ...##.# ##. ...o
#..##.#####...### o#.##
....#...........# ....
.....######...#.# o..#
.....# #.##.# ...# .#.#.#
#.##.# ...# .#.#.#
#.##.##...#
.#.#.#######....@{...#
...#............o).......
.###########........#####
.....# ####....## ####.#
####.# #.# .# #.# .# #.#
.# ####.#


You could see an orc.

Vanquished Creatures
  Robin (D:2)
  5 adders
  2 worms (D:2)
  2 orcs (D:3)
  A bat (D:1)
  6 endoplasms
  4 hobgoblins
  A quokka (D:2)
  A ball python (D:1)
  2 frilled lizards
  10 goblins
  3 kobolds
  3 rats
41 creatures vanquished.

Notes
Turn   | Place    | Note
-------+----------+-------------------------------------------
     0 | D:1      | qw the Gargoyle Fighter began the quest for the Orb.
     0 | D:1      | Reached XP level 1. HP: 14/14 MP: 1/1
     0 | D:1      | 0 ||| qw: Version: 0.2-a-98-g16b38d9
     0 | D:1      | 0 ||| qw: Game counter: 10
     0 | D:1      | 0 ||| qw: Always use a shield: true
     0 | D:1      | 0 ||| qw: God list: Okawaru
     0 | D:1      | 0 ||| qw: Allow faded altars: false
     0 | D:1      | 0 ||| qw: Do Orc after D:15 true
     0 | D:1      | 0 ||| qw: Do second Lair branch before Depths: true
     0 | D:1      | 0 ||| qw: Lair rune preference: random
     0 | D:1      | 0 ||| qw: Plans: Normal, Zot:1-4, God:TSO, Crypt, Tomb,
                  | Pan, Slime:5, Hells, Abyss, Win
     0 | D:1      | 0 ||| PLANNING D:1-11
    55 | D:1      | Found a faded altar of an unknown god.
    66 | D:1      | Reached skill level 2 in Axes
   431 | D:1      | 431 ||| UPGRADING to +0 helmet.
   436 | D:1      | 436 ||| READING 2 scrolls labelled URGHORCH IBAINN.
   437 | D:1      | 437 ||| READING 3 scrolls labelled FUALUO BABREL.
   438 | D:1      | 438 ||| READING scroll labelled HYALACR PU WIT.
   439 | D:1      | 439 ||| READING scroll labelled SUBLIPH ORAUSSIDU.
   444 | D:1      | 444 ||| READING scroll labelled BYZUEPROCZA.
   445 | D:1      | 445 ||| DRINKING 2 emerald potions.
   446 | D:1      | 446 ||| READING 2 scrolls of identify.
   446 | D:1      | 446 ||| IDENTIFYING silvery potion
   447 | D:1      | 447 ||| DROPPING scroll of amnesia.
   448 | D:1      | 448 ||| DROPPING potion of brilliance.
   510 | D:2      | Reached XP level 2. HP: 12/19 MP: 2/2
   608 | D:2      | Reached skill level 3 in Axes
   608 | D:2      | Noticed Robin
   616 | D:2      | Reached XP level 3. HP: 23/23 MP: 3/3
   650 | D:2      | Killed Robin
   722 | D:2      | Reached XP level 4. HP: 28/28 MP: 4/4
   792 | D:2      | 792 ||| Stepping ~*~*~tactically~*~*~ (stealth).
   795 | D:2      | 795 ||| Stepping ~*~*~tactically~*~*~ (stealth).
   797 | D:2      | 797 ||| Stepping ~*~*~tactically~*~*~ (hiding).
   804 | D:2      | 804 ||| Stepping ~*~*~tactically~*~*~ (stealth).
   807 | D:2      | 807 ||| Stepping ~*~*~tactically~*~*~ (stealth).
   815 | D:2      | 815 ||| Stepping ~*~*~tactically~*~*~ (stealth).
   825 | D:2      | Reached skill level 4 in Axes
  1409 | D:2      | 1409 ||| UPGRADING to +0 pair of gloves.
  1414 | D:2      | 1414 ||| READING scroll labelled PIEWIUXTEOL.
  1515 | D:2      | 1515 ||| READING scroll labelled CAEFI MOHISH.
  1516 | D:2      | 1516 ||| READING 2 scrolls of identify.
  1516 | D:2      | 1516 ||| IDENTIFYING fuming green potion
  1586 | D:3      | 1586 ||| Stepping ~*~*~tactically~*~*~ (stealth).
  1704 | D:3      | 1704 ||| Stepping ~*~*~tactically~*~*~ (hiding).
  1724 | D:3      | Killed from afar by an orc wizard

Levels and vault maps discovered:
D:1:      dpeg_arrival_simpleton_b, layout_rooms,
          nicolae_ecumenical_snake_handling, minmay_misc_feat_rows, hex_medium,
          serial_bayou_pond_e
D:2:      layout_basic, uniq_robin
D:3:      layout_loops_ring, chequers_serial_rivers_small_a,
          kennysheep_generic_room_14

Skill      XL: |  1  2  3  4 |
---------------+-------------+-----
Axes           | 2 3 4 |  4.4
Fighting       | |  3.2
Armour         | |  3.2
Shields        | |  3.2

Action                     |  1- 3 |  4- 6 || total
---------------------------+-------+-------++-------
  Melee: War axe           |    85 |    62 ||   147
    Use: Scroll            |     6 |     3 ||     9
         Potion            |     1 |       ||     1
 Armour: Scale mail        |    50 |    31 ||    81
  Dodge: Dodged            |    38 |    31 ||    69
  Block: Buckler           |    17 |    11 ||    28

Table legend:
 A = Non-vault XP
 B = Vault XP
 C = Vault XP percentage of total XP
 D = Non-vault monster count
 E = Vault monster count
 F = Vault count percentage of total count
                 A         B        C        D         E       F
            +---------+---------+-------+---------+---------+-------
      Total |     116 |      36 |  23.7 |      29 |      12 |  29.3
            +---------+---------+-------+---------+---------+-------
        D:1 |       6 |       1 |  14.3 |       4 |       1 |  20.0
        D:2 |      85 |      35 |  29.2 |      18 |      11 |  37.9
        D:3 |      25 |       0 |   0.0 |       7 |       0 |   0.0
            +---------+---------+-------+---------+---------+-------
